AoeStats
← GuLy San (10)

Arabia

510617048Analyzed
1v1 RM · 2d ago on Oct 1, 2026· 40m 27s· 2 players
Game mode
Random Map
Map size
Tiny (2 player)
Population
200
Speed
Normal
Resources
Standard
Victory
Conquest
Starting age
Dark Age
Ending age
Imperial Age
RankedLock teamsTeams togetherTeam positionsShared explorationLock speedFull tech treeHidden civsTurbo modeCheats
Victory
Defeat
🇦🇷 Maya · Argentina
843
+17
🇪🇸 Magyars · Spain
871
-17
GuLy San (10)
0:25 Loom
10:08 Feudal Age
11:48 Horse Collar
11:56 Double-Bit Axe
16:24 Fletching
18:10 Forging
22:01 Gold Mining
25:06 Castle Age
23:36 Padded Archer Armor
25:23 Scale Mail Armor
25:10 Pikeman
25:12 Crossbowman
26:56 Thumb Ring
27:58 Bow Saw
28:15 Bodkin Arrow
28:34 Squires
31:12 Eagle Warrior
31:41 Arson
37:43 Ballistics
38:22 Iron Casting
38:03 Chain Mail Armor
38:05 Leather Archer Armor
ELV
3:39 Loom
10:12 Feudal Age
11:20 Double-Bit Axe
16:39 Bloodlines
20:19 Castle Age
20:31 Padded Archer Armor
21:20 Scale Barding Armor
21:08 Fletching
21:11 Light Cavalry
21:50 Elite Skirmisher
26:02 Husbandry
26:19 Stone Mining
29:32 Chain Barding Armor
29:08 Bodkin Arrow
29:31 Leather Archer Armor
30:31 Corvinian Army
33:54 Town Watch
34:46 Wheelbarrow
36:38 Bodkin Arrow
38:20 Town Patrol
Connection lost

Rejoining the realm…

Still unreachable

The connection could not be restored.

Session expired

The server has moved on; the page needs a fresh start.